 Dungeon Crawl Stone Soup version 0.30-a0-949-g53dc5368d7 (console) character file.

Game seed: 10874611164875072299

84 utis the Trooper (level 4, 0/29 HPs)
             Began as a Tengu Wanderer on Mar 27, 2023.
             Slain by an orc
             ... wielding a +0 trident
              (2 damage)
             ... on level 3 of the Dungeon.
             The game lasted 00:05:15 (2192 turns).

utis the Trooper (Tengu Wanderer)                   Turns: 2192, Time: 00:05:16

Health: 0/29       AC:  9    Str: 13    XL:     4   Next: 46%
Magic:  8/8        EV:  9    Int: 14    God:
Gold:   135        SH:  0    Dex: 13    Spells: 3/7 levels left

rFire   . . .      SeeInvis .    k - +0 trident
rCold   . . .      Faith    .    (no shield)
rNeg    . . .      Spirit   .    d - +2 scale mail
rPois   .          Reflect  .    (helmet restricted)
rElec   .          Rampage  .    (no cloak)
rCorr   .                        (no gloves)
Will    .....                    (boots unavailable) Stlth
                                 (no amulet)
HPRegen 0.24/turn                (no ring)
MPRegen 0.11/turn                (no ring)

@: no status effects
A: beak, talons 3
a: no special abilities


You were on level 3 of the Dungeon.
You visited 1 branch of the dungeon, and saw 3 of its levels.

You collected 135 gold pieces.

Inventory:

Hand Weapons
 a - a +0 club
 k - a +0 trident (weapon)
Missiles
 h - 9 poisoned darts
Armour
 d - a +2 scale mail (worn)
Scrolls
 b - a scroll of teleportation {@r4}
 f - a scroll of identify {unknown}
 g - a scroll of amnesia
 i - a scroll of poison {unknown}
 j - a scroll of vulnerability {unknown}
 m - a scroll of silence {!r}
 n - a scroll of acquirement {unknown}
Potions
 c - 2 potions of lignification
 e - 2 potions of flight {unknown}
 l - a potion of attraction {unknown}


   Skills:
 * Level 4.1 Fighting
 + Level 3.9 Armour
 + Level 2.2 Dodging
 - Level 2.0 Spellcasting
 + Level 1.8 Summonings


You had 3 spell levels left.
You knew the following spells:

 Your Spells              Type           Power      Damage    Failure   Level
f - Call Canine Familiar  Summ           6%         N/A       82%         3
z - Summon Small Mammal   Summ           24%        N/A       43%         1

Your spell library contained the following spells:

 Spells                   Type           Power      Damage    Failure   Level
 Lesser Beckoning         Tloc           2%         N/A       83%         2
 Gell's Gravitas          Tloc           1%         N/A       97%         3
 Teleport Other           Tloc           1%         N/A       97%         3


Dungeon Overview and Level Annotations

Branches:
Dungeon (3/15)

Altars:

Shops:
D:2 [


Innate Abilities, Weirdness & Mutations

You have a beak for a mouth.
You have claws for feet.


Message History

The orc hits you but does no damage. The orc attacks as you move away!
The orc misses you. The orc attacks as you move away!
The orc hits you with a +0 club.
You hit the orc.
You kill the orc!
An orc comes into view.
It is wielding a +0 trident and wearing a +1 leather armour of positive energy.
The orc hits you with a +0 whip.
Things that are here:
a +0 club; a +0 ring mail You closely miss the orc.
You claw the orc, but do no damage. Your peck misses the orc.
The orc closely misses you.
You puncture the orc!
You kill the orc!
You puncture the orc!
You kill the orc!
You hear some strange, mumbled words.
A magic dart appears from out of thin air!
The magic dart hits you.
You closely miss something. Your kick misses something.
Your peck misses something. The orc hits you but does no damage.
Something hits you but does no damage.
You miss something. Your peck misses something. The orc barely misses you.
You hear some strange, mumbled words.
A magic dart appears from out of thin air!
The magic dart hits you!
You barely miss something. Your kick misses something.
The orc hits you but does no damage. Something hits you but does no damage.
Something hits you.
* * * LOW HITPOINT WARNING * * *
The orc hits you from afar with a +0 trident!
* * * LOW HITPOINT WARNING * * *
You hit something but do no damage. Your kick misses something.
The orc hits you but does no damage. Something hits you but does no damage.
You miss something. Your kick misses something. The orc closely misses you.
Something hits you but does no damage.
You miss something. Your peck misses something.
The orc hits you from afar with a +0 trident.
* * * LOW HITPOINT WARNING * * *
Something hits you but does no damage. Something hits you.
* * * LOW HITPOINT WARNING * * *
The orc hits you from afar with a +0 trident.
You die...

▒.░░░░░.░░....░
░.░░░░░.░░░░ ░.░
░....░ ░.░ ░░░░.░░ ░.░
░░░..░░ ░.░
░░░░.....░░ ░o░
░.........░
░{░░░.........░
░Q░░...▒░░░▒..░ ..
░.░░...░..b░..░
..░░░░░.░....░⚶b⚶░..░
.............░.⚶.░..░
.............▒░░░▒..░
.░.......†...........░
.......░.░..........
.........░░.........
.......➘.░░░░░░░░░░


You could see an orc.

Vanquished Creatures
  An adder (D:2)
  An ufetubus (D:2)
  2 dart slugs (D:2)
  3 orcs (D:3)
  5 ball pythons
  9 bats
  8 endoplasms
  2 giant cockroaches
  3 goblins (D:2)
  6 hobgoblins
  2 jackals (D:2)
  3 kobolds (D:2)
  A quokka (D:1)
  7 frilled lizards
  3 rats
56 creatures vanquished.

Notes
Turn   | Place    | Note
-------+----------+-------------------------------------------
     0 | D:1      | utis the Tengu Wanderer began the quest for the Orb.
     0 | D:1      | utis set off with the following items: a +0 club, a scroll
                  | of teleportation {@r4}, a potion of lignification, a +2
                  | scale mail; and the following spell memorised: Summon Small
                  | Mammal; and the following spells available to memorise:
                  | Call Canine Familiar.
     0 | D:1      | Reached XP level 1. HP: 14/14 MP: 4/4
   198 | D:1      | Reached XP level 2. HP: 19/19 MP: 6/6
   570 | D:1      | Reached XP level 3. HP: 17/23 MP: 7/7
   715 | D:2      | Learned a level 3 spell: Call Canine Familiar
   976 | D:2      | Found Culupp's Armour Shop.
  1646 | D:2      | Reached XP level 4. HP: 28/29 MP: 6/8
  1680 | D:2      | Reached skill level 4 in Fighting
  2192 | D:3      | Slain by an orc

Illustrated notes

Levels and vault maps discovered:
D:1:      nzn_arrival_crosshair, layout_loops_ring
D:2:      layout_basic, serial_shops, shop, minmay_tall_x
D:3:      layout_basic, mainiacjoe_overflow_alcove_3, serial_aquarium,
          aquarium_bridge_long_joined [aquarium_subvault_window,
          aquarium_subvault_bridge, aquarium_subvault_bridge,
          aquarium_subvault_bridge, aquarium_subvault_bridge,
          aquarium_subvault_wall], aquarium_window_corridor_3,
          aquarium_window_fake, aquarium_window_fake, aquarium_window_fake,
          aquarium_view_2e, aquarium_balcony_1b, aquarium_pool_2

Skill      XL: |  1  2  3  4 |
---------------+-------------+-----
Dodging        | 2 |  2.2
Fighting       | 4 |  4.1
Armour         | |  3.9
Spellcasting   | |  2.0
Summonings     | |  1.8

Action                     |  1- 3 |  4- 6 || total
---------------------------+-------+-------++-------
  Melee: Club              |   102 |       ||   102
         Kick              |    30 |    10 ||    40
         Peck              |    12 |     2 ||    14
         Trident           |    11 |    43 ||    54
         Punch             |     1 |       ||     1
   Cast: Summon Small Mamm |     1 |       ||     1
    Use: Scroll            |       |     2 ||     2
 Armour: Scale mail        |    77 |    25 ||   102
  Dodge: Dodged            |    66 |     9 ||    75

Table legend: (Time is in decaauts)
 A = Elapsed time spent in this place.
 B = Non-inter-level travel time spent in this place.
 C = Inter-level travel time spent in this place.
 D = Time resting spent in this place.
 E = Time spent auto-exploring this place.
 F = Levels seen in this place.
 G = Mean time per level.
                   A        B        C        D        E       F      G
               +--------+--------+--------+--------+--------+-----+--------+
         Total |   2238 |   2129 |    109 |    249 |   1361 |   3 |  746.0 |
       Dungeon |   2238 |   2129 |    109 |    249 |   1361 |   3 |  746.0 |
               +--------+--------+--------+--------+--------+-----+--------+

Top non-repeatable levels by time:
     D:2: 1256 daAuts
     D:1: 817 daAuts
     D:3: 164 daAuts
